AoeStats
← _Aston_Martin_

Arabian Desert

508747085Analyzed
1v1 RM · 8d ago on Sep 23, 2026· 18m 54s· 2 players
Game mode
Random Map
Map size
Tiny (2 player)
Population
200
Speed
Normal
Resources
Standard
Victory
Conquest
Starting age
Dark Age
Ending age
Imperial Age
RankedLock teamsTeams togetherTeam positionsShared explorationLock speedFull tech treeHidden civsTurbo modeCheats
Victory
Defeat
🇲🇹 Varangians · Malta
2272
+5
🇲🇽 Armenians · Mexico
1961
-5
_Aston_Martin_
9:01 Feudal Age
9:05 Man-at-Arms
10:15 Long Swordsman
11:29 Loom
Speed
6:52 Loom
7:07 Loom
9:09 Feudal Age
9:20 Man-at-Arms
15:13 Double-Bit Axe
16:57 Fletching
Connection lost

Rejoining the realm…

Still unreachable

The connection could not be restored.

Session expired

The server has moved on; the page needs a fresh start.